 Dungeon Crawl Stone Soup version 0.29.1-12-g30fa7ad0bf (webtiles) character file.

Game seed: 9144660588974243014

2372 xian the Magician (level 9, -3/58 HPs)
             Began as a Demonspawn Air Elementalist on Jan 14, 2023.
             Was a Priest of Vehumet.
             Slain by a sky beast (6 damage)
             ... on level 8 of the Dungeon.
             The game lasted 00:20:44 (8249 turns).

xian the Magician (Demonspawn Air Elementalist)     Turns: 8249, Time: 00:20:44

Health: -3/58      AC:  6    Str:  9    XL:     9   Next: 21%
Magic:  3/18       EV: 14    Int: 20    God:    Vehumet [***...]
Gold:   299        SH:  0    Dex: 14    Spells: 10/20 levels left

rFire   . . .      SeeInvis .   o - staff of conjuration
rCold   . . .      Faith    .   (no shield)
rNeg    . . .      Spirit   .   A - +0 leather armour
rPois   +          Reflect  .   u - +1 helmet
rElec   .          Harm     .   t - +0 cloak {rPois}
rCorr   +          Rampage  .   (no gloves)
Will    .....                   (no boots)
Stlth   ++........              g - amulet of the acrobat
HPRegen 0.19/turn               e - ring of flight
MPRegen 0.16/turn               a - ring of resist corrosion

@: flying, invisible
A: repulsion field 1, demonic guardian 3, powered by death 3
a: Renounce Religion


You were on level 8 of the Dungeon.
You worshipped Vehumet.
Vehumet was most pleased with you.
You visited 1 branch of the dungeon, and saw 8 of its levels.

You collected 443 gold pieces.
You spent 144 gold pieces at shops.

Inventory:

Hand Weapons
 s - a +4 quarterstaff of chaos
Armour
 j - a +0 scale mail
 t - a +0 cloak of poison resistance (worn)
 u - a +1 helmet (worn)
 A - a +0 leather armour (worn)
Magical Staves
 o - a staff of conjuration (weapon)
Jewellery
 a - a ring of resist corrosion (right hand)
 e - a ring of flight (left hand)
 g - an amulet of the acrobat (around neck)
 z - an amulet of faith
Wands
 x - a wand of light (6)
 y - a wand of polymorph (10)
Scrolls
 c - 2 scrolls of amnesia
 d - a scroll of enchant weapon
 f - 3 scrolls of brand weapon
 i - a scroll of fear
 k - a scroll of summoning
 p - 4 scrolls of teleportation
 q - 3 scrolls of magic mapping
 D - a scroll of poison
 H - a scroll of enchant armour
Potions
 b - a potion of magic
 h - 2 potions of might {unknown}
 l - 2 potions of degeneration {unknown}
 m - 2 potions of invisibility
 n - 3 potions of haste {unknown}
 r - a potion of attraction {unknown}
 v - a potion of heal wounds {unknown}
 w - 3 potions of curing {unknown}
 B - a potion of resistance {unknown}
 C - a potion of ambrosia {unknown}
 F - a potion of flight {unknown}


   Skills:
 + Level 0.8 Fighting
 + Level 0.9 Staves
 * Level 3.8 Armour
 + Level 3.2 Dodging
 + Level 2.8 Stealth
 + Level 6.1 Spellcasting
 + Level 5.2 Conjurations
 + Level 5.7 Air Magic
 * Level 3.2 Earth Magic


You had 10 spell levels left.
You knew the following spells:

 Your Spells              Type           Power      Damage    Failure   Level
a - Shock                 Conj/Air       100%       1d9       1%          1
b - Foxfire               Conj/Fire      100%       2x1d9     1%          1
c - Static Discharge      Conj/Air       42%        3-9/arc   1%          2
d - Swiftness             Air            29%        N/A       4%          3
e - Stone Arrow           Conj/Erth      68%        3d11      2%          3

Your spell library contained the following spells:

 Spells                   Type           Power      Damage    Failure   Level
 Frozen Ramparts          Ice            12%        1d2       11%         3
 Airstrike                Air            14%        2d(3-19)  3%          4
 Sticky Flame             Conj/Fire      25%        2d5       13%         4
 Silence                  Hex/Air        8%         N/A       77%         5
 Dispel Undead            Necr           6%         3d8       80%         4
 Passage of Golubria      Tloc           6%         N/A       80%         4
 Dispersal                Tloc           3%         N/A       100%        6
 Disjunction              Tloc           3%         N/A       100%        8
 Lehudib's Crystal Spear  Conj/Erth      17%        10d5      100%        8


Dungeon Overview and Level Annotations

Branches:
Dungeon (8/15)             Temple (0/1) D:5
   Lair: D:8-11

Altars:
Ashenzari
Fedhas
Hepliaklqana
Makhleb
Sif Muna
Uskayaw
Vehumet

Shops:
D:7 *


Innate Abilities, Weirdness & Mutations

You are surrounded by a mild repulsion field. (EV +2)
A powerful demonic guardian rushes to your aid.
You regenerate a lot of health from kills.


Message History

Confirm with . or Enter, or press ? or * to list all spells.
You feel a surge of power!
The air crackles with electrical energy.
The vampire mosquito bites you.
The vampire mosquito draws strength from your injuries!
Something hits you but does no damage. The vampire mosquito barely misses you.
Unknown command.
Casting: Static Discharge (safe; 1% risk of failure)
Confirm with . or Enter, or press ? or * to list all spells.
You feel a surge of power!
The vampire mosquito is struck by an arc of lightning.
The vampire mosquito is severely damaged.
The vampire mosquito bites you.
* * * LOW HITPOINT WARNING * * *
The vampire mosquito draws strength from your injuries!
Something hits you.
* * * LOW HITPOINT WARNING * * *
Something shocks you.
* * * LOW HITPOINT WARNING * * *
A demonic guardian appears!
The vampire mosquito misses you. Something hits you.
* * * LOW HITPOINT WARNING * * *
Something shocks you.
* * * LOW HITPOINT WARNING * * *
The vampire mosquito bites you but does no damage.
Your soul eater hits something!!
Unknown command.
The vampire mosquito attacks as you move away!
The vampire mosquito completely misses you. x2
It was a potion of invisibility.
You fade into invisibility!
The vampire mosquito bites you but does no damage.
The vampire mosquito barely misses you. Something misses you.
The vampire mosquito completely misses you.
You hit something but do no damage. The vampire mosquito barely misses you.
Something hits you.
* * * LOW HITPOINT WARNING * * *
Something shocks you.
You die...

..#...........##
###.#..#..........
#...##.#..#####.##
#?#.#..#..#####.#
#...#..#.........
#.#.'..#........#
#...#..#.#####..#
#$#3#..#.# .#
#@y.#....#
###.##...# .<#
..#....######..#
#.##.)<........#
..##.)########.#
#.##........##.#
..###.#####.##.#
.# #.# #.##.# #.#
###.##.#


You could see a vampire mosquito (unable to see you, ally target) and a friendly
soul eater (summoned).

Vanquished Creatures
  Menkaure (D:4)
  2 water moccasins
  A black bear (D:5)
  2 orc warriors (D:8)
  A sky beast (D:6)
  3 ice beasts
  A centaur (D:6)
  2 necrophages
  A bullfrog (D:7)
  A scorpion (D:5)
  4 wights (D:6)
  3 killer bees (D:7)
  6 hounds
  Crazy Yiuf (D:2)
  2 iguanas
  Jessica (D:3)
  Natasha (twice) (D:3)
  4 orc wizards (D:5)
  Robin (D:3)
  A gnoll (D:3)
  9 adders
  A shadow imp (D:5)
  A white imp (D:7)
  2 worms (D:2)
  3 dart slugs (D:4)
  10 orcs
  5 ball pythons
  2 bats
  4 endoplasms
  2 giant cockroaches
  19 goblins
  6 hobgoblins
  2 jackals (D:3)
  4 quokkas
  4 frilled lizards
  3 kobolds
  6 rats
123 creatures vanquished.

Vanquished Creatures (collateral kills)
  A centaur (D:5)
1 creature vanquished.

Vanquished Creatures (others)
  11 foxfires
  3 plants (D:3)
14 creatures vanquished.

Grand Total: 138 creatures vanquished

Notes
Turn   | Place    | Note
-------+----------+-------------------------------------------
     0 | D:1      | xian the Demonspawn Air Elementalist began the quest for
                  | the Orb.
     0 | D:1      | Reached XP level 1. HP: 13/13 MP: 3/3
    47 | D:1      | Found a faded altar of an unknown god.
    84 | D:1      | Prayed at the altar of an unknown god.
    84 | D:1      | Became a worshipper of Vehumet
    84 | D:1      | Reached * piety under Vehumet
    84 | D:1      | Offered knowledge of Foxfire by Vehumet.
    87 | D:1      | Learned a level 1 spell: Foxfire
   677 | D:1      | Gained mutation: You are surrounded by a mild repulsion
                  | field. (EV +2) [demonic ancestry]
   677 | D:1      | Reached XP level 2. HP: 19/19 MP: 5/5
  1258 | D:2      | Learned a level 2 spell: Static Discharge
  1472 | D:2      | Gained mutation: You regenerate a little health from kills.
                  | [demonic ancestry]
  1472 | D:2      | Reached XP level 3. HP: 17/24 MP: 0/6
  1741 | D:2      | Found a runed translucent door.
  1742 | D:2      | Noticed Crazy Yiuf
  1747 | D:2      | Killed Crazy Yiuf
  1753 | D:2      | HP: 1/24 [poisoned by Crazy Yiuf]
  2265 | D:2      | Reached XP level 4. HP: 30/30 MP: 1/8
  2420 | D:2      | Learned a level 3 spell: Swiftness
  2439 | D:3      | Found a hide-covered altar of Uskayaw.
  2562 | D:3      | Found a faded altar of an unknown god.
  2562 | D:3      | Found a faded altar of an unknown god.
  2562 | D:3      | Noticed Robin
  2612 | D:3      | Reached ** piety under Vehumet
  2612 | D:3      | Offered knowledge of Magic Dart by Vehumet.
  2645 | D:3      | Killed Robin
  2702 | D:3      | Found a hazy altar of Hepliaklqana.
  2912 | D:3      | Noticed Jessica
  2917 | D:3      | Killed Jessica
  2918 | D:3      | Reached skill level 3 in Spellcasting
  3008 | D:3      | Gained mutation: You regenerate health from kills. [demonic
                  | ancestry]
  3008 | D:3      | Reached XP level 5. HP: 35/35 MP: 7/9
  3087 | D:3      | Noticed Natasha
  3094 | D:3      | Killed Natasha
  3223 | D:3      | Noticed Natasha
  3230 | D:3      | Killed Natasha
  3612 | D:3      | Gained mutation: A weak demonic guardian rushes to your
                  | aid. [demonic ancestry]
  3612 | D:3      | Reached XP level 6. HP: 41/41 MP: 8/11
  4283 | D:4      | Noticed Menkaure
  4291 | D:4      | Killed Menkaure
  4291 | D:4      | Offered knowledge of Stone Arrow by Vehumet.
  4292 | D:4      | Reached skill level 4 in Spellcasting
  4296 | D:4      | Learned a level 3 spell: Stone Arrow
  4490 | D:4      | Gained mutation: A demonic guardian rushes to your aid.
                  | [demonic ancestry]
  4490 | D:4      | Reached XP level 7. HP: 46/46 MP: 10/13
  4555 | D:4      | Reached skill level 1 in Armour
  4917 | D:5      | Entered Level 5 of the Dungeon
  4977 | D:5      | Found a staircase to the Ecumenical Temple.
  5045 | D:5      | Found a radiant altar of Vehumet.
  5046 | D:5      | Found a shimmering blue altar of Sif Muna.
  5204 | D:5      | Reached skill level 1 in Earth Magic
  5474 | D:5      | Reached *** piety under Vehumet
  5985 | D:5      | Gained mutation: A powerful demonic guardian rushes to your
                  | aid. [demonic ancestry]
  5985 | D:5      | Reached XP level 8. HP: 49/53 MP: 10/15
  6108 | D:6      | Reached skill level 5 in Air Magic
  6111 | D:6      | Reached skill level 5 in Spellcasting
  6320 | D:6      | Offered knowledge of Frozen Ramparts by Vehumet.
  6990 | D:7      | You are sucked into a shaft and drop 1 floor!
  7066 | D:7      | Gained mutation: You regenerate a lot of health from kills.
                  | [demonic ancestry]
  7066 | D:7      | Reached XP level 9. HP: 56/58 MP: 8/17
  7157 | D:7      | Found a broken altar of Ashenzari.
  7158 | D:7      | Found a blossoming altar of Fedhas.
  7263 | D:7      | Reached skill level 5 in Conjurations
  7269 | D:7      | Reached skill level 6 in Spellcasting
  7666 | D:7      | Found a burning altar of Makhleb.
  7672 | D:7      | Found Faxowkej's Assorted Antiques.
  7679 | D:7      | Bought an amethyst potion for 27 gold pieces
  7679 | D:7      | Bought an amethyst potion for 27 gold pieces
  7679 | D:7      | Bought a scroll labelled UFITSI ZIELU for 30 gold pieces
  7679 | D:7      | Bought a scroll labelled UFITSI ZIELU for 30 gold pieces
  7679 | D:7      | Bought a scroll labelled TOSMUMAIRO for 30 gold pieces
  8249 | D:8      | Slain by a sky beast

Illustrated notes

Levels and vault maps discovered:
D:1:      onia_arrival_mini_maze_b, layout_rooms,
          shapermc_ecumenical_altar_mp_urbaneastern, serial_park_tiny_1
D:2:      layout_loops_ring, uniq_crazy_yiuf_cottage
D:3:      layout_basic, nicolae_hepliaklqana_ecumenical_no_more,
          nicolae_uskayaw_murder_on_the_dancefloor,
          minmay_misc_feat_four_crosses, cheibrodos_gnoll_hut, uniq_natasha,
          uniq_jessica, uniq_robin
D:4:      nicolae_cairo_tiling_very_big, layout_loops_ring, minmay_fountain_box,
          uniq_menkaure
D:5:      layout_loops_ring, mainiacjoe_overflow_big_doors,
          minmay_temple_entry_poolview
D:6:      layout_basic
D:7:      layout_basic, makhleb_heckhound_becter,
          chequers_temple_overflow_statue_of_worship, serial_shops,
          nicolae_shop_overgrown_old_shop
D:8:      layout_loops_ring, roderic_lattice_a, hangedman_minor_gate_pass,
          uniq_prince_ribbit1, uniq_maurice

Skill      XL: |  1  2  3  4  5  6  7  8  9 |
---------------+----------------------------+-----
Air Magic      | 3 4 5 |  5.7
Stealth        | 2 |  2.8
Dodging        | 2 3 |  3.2
Spellcasting   | 3 4 5 6 |  6.1
Conjurations   | 2 3 4 5 |  5.2
Armour         | 2 3 |  3.8
Earth Magic    | 1 3 |  3.2
Fighting       | |  0.8
Staves         | |  0.9

Action                   |  1- 3 |  4- 6 |  7- 9 || total
-------------------------+-------+-------+-------++-------
Melee: Unarmed           |    28 |       |       ||    28
       Staff             |     8 |     5 |     5 ||    18
       Short sword       |     1 |       |       ||     1
       Quarterstaff      |     2 |       |       ||     2
 Cast: Shock             |    53 |   102 |   127 ||   282
       Foxfire           |     4 |     2 |     1 ||     7
       Static Discharge  |     5 |     4 |    34 ||    43
       Stone Arrow       |       |       |     3 ||     3
       Swiftness         |       |       |     1 ||     1
  Use: Scroll            |     1 |       |    12 ||    13
       Potion            |       |       |     1 ||     1
Armor: Robe              |    14 |     3 |       ||    17
       Leather armour    |       |     3 |    21 ||    24
Dodge: Dodged            |    34 |    49 |    86 ||   169
